 Dungeon Crawl Stone Soup version 0.20.1-1-g8b1a95d (webtiles) character file.

549721 manon the Slayer (level 25, -29/240 HPs)
             Began as a Minotaur Fighter on Oct 13, 2017.
             Was an Initiate of Gozag.
             Annihilated by an enormous slime creature (62 damage)
             ... while paralysed by a floating eye
             ... on level 4 of the Pits of Slime on Oct 19, 2017.
             The game lasted 10:29:56 (72229 turns).

manon the Slayer (Minotaur Fighter)                Turns: 72229, Time: 10:29:58

Health: -29/240    AC: 25    Str: 24    XL:     25   Next: 1%
Magic:  25/25      EV:  2    Int: 20    God:    Gozag
Gold:   5031       SH:  0    Dex: 16    Spells: 3/24 levels left

rFire    x . .     SeeInvis +   w - +1 rapier (vamp)
rCold    . . .     Gourm    .   D - +5 shield {reflect}
rNeg     + . .     Faith    .   F - +7 chain mail of Xovvig {rN+ Dex+4 Stlth+}
rPois    +         Spirit   .   P - +3 crown of Dyrovepreva {rElec Int+2 SInv}
rElec    +         Reflect  +   n - +0 cloak "Noawk" {MR+ Regen+}
rCorr    +         Harm     .   o - -1 pair of gloves of Grottiness {+Blink rPois MR+}
MR       +++..     Rnd*Rage +   t - +2 pair of boots Stlth ..........Rnd*Tele +
                                R - amulet of regeneration
Regen    0.0/turn               C - ring of resist corrosion
MPRegen  0.2/turn               O - ring "Ydghuoli" {*Tele rF- Int+8 Slay+6 Stlth-}

@: paralysed, corroded, gold aura
A: retaliatory headbutt, horns 2, berserk 1, blurry vision 1, clumsy 1, low mp
1, inhibited regeneration, MP-powered wands
}: 3/15 runes: decaying, silver, gossamer
a: Potion Petition, Call Merchant, Bribe Branch, Renounce Religion, Evoke Blink


You were on level 4 of the Pits of Slime.
You worshipped Gozag.
Gozag was greatly pleased with you.
You were not hungry.

You visited 9 branches of the dungeon, and saw 49 of its levels.
You visited the Abyss 1 time.
You also visited: Labyrinth and Wizlab.

You collected 30126 gold pieces.
You spent 6732 gold pieces at shops.
You paid 18363 gold pieces to Gozag.

Inventory:

Hand Weapons
 a - a +5 scimitar of flaming
 b - a +1 fustibalus of flaming
 c - a +1 long sword of holy wrath
 w - a +1 vampiric rapier (weapon)
Missiles
 N - 2 throwing nets (quivered) {!f}
 U - 233 sling bullets
Armour
 n - the +0 cloak "Noawk" (worn) {MR+ Regen+}
   (You found it on level 4 of the Depths)

   It affects your resistance to hostile enchantments.
   It increases your rate of regeneration.
 o - the -1 pair of gloves of Grottiness (worn) {+Blink rPois MR+}
   (You found it on level 2 of the Vaults)

   It protects you from poison.
   It affects your resistance to hostile enchantments.
   It lets you blink.
 t - a +2 pair of boots (worn)
 u - a +2 pair of gloves of strength
 D - a +5 shield of reflection (worn)
 F - the +7 chain mail of Xovvig (worn) {rN+ Dex+4 Stlth+}
   (You bought it in a shop on level 1 of the Vaults)

   It affects your dexterity (+4).
   It protects you from negative energy.
   It makes you more stealthy.
 P - the +3 crown of Dyrovepreva (worn) {rElec Int+2 SInv}
   (You bought it in a shop on level 1 of the Lair of Beasts)

   It affects your intelligence (+2).
   It insulates you from electricity.
   It lets you see invisible.
 Q - a scarf of cloud immunity
Jewellery
 j - an uncursed ring of protection from fire
 k - an uncursed ring of protection from magic
 v - an uncursed ring of wizardry
 z - an uncursed amulet of rage
 C - a ring of resist corrosion (left hand)
 J - an uncursed ring of positive energy
 O - a ring "Ydghuoli" (right hand) {*Tele rF- Int+8 Slay+6 Stlth-}
   (You took it off a yaktaur on level 5 of the Vaults)

   [ring of teleportation]

   It may teleport you next to monsters.
   It affects your intelligence (+8).
   It affects your accuracy and damage with ranged weapons and melee attacks
   (+6).
   It makes you vulnerable to fire.
   It makes you less stealthy.
 R - an amulet of regeneration (around neck)
Wands
 B - a wand of iceblast (3/15)
 G - a wand of digging (6/24)
 K - a wand of clouds (2/9)
Scrolls
 e - a scroll of enchant armour
 g - 14 scrolls of identify
 i - 5 scrolls of blinking
 l - 23 scrolls of remove curse
 m - 4 scrolls of fear
 p - a scroll of summoning
 r - 6 scrolls of immolation
 A - 6 scrolls of magic mapping
 H - 5 scrolls of recharging
 L - 9 scrolls of fog
 S - 8 scrolls of teleportation
 Z - a scroll of holy word
Potions
 d - 11 potions of flight
 f - 3 potions of magic
 h - a potion of invisibility
 x - 9 potions of brilliance
 y - a potion of curing
 E - 3 potions of resistance
 I - 4 potions of berserk rage
 T - 5 potions of ambrosia
 X - 4 potions of cancellation
 Y - a potion of heal wounds
Miscellaneous
 M - a phantom mirror
 W - a lamp of fire
Comestibles
 q - 20 bread rations
 s - 3 meat rations


   Skills:
 - Level 22.7 Fighting
 - Level 19.6 Long Blades
 + Level 15.7 Armour
 - Level 18.1 Dodging
 - Level 20.8 Shields
 - Level 7.2 Hexes
 - Level 7.7 Charms
 - Level 8.3 Necromancy
 - Level 7.0 Translocations
 - Level 9.3 Transmutations
 - Level 9.3 Earth Magic
 - Level 8.0 Evocations


You had 3 spell levels left.
You knew the following spells:

 Your Spells              Type           Power        Failure   Level  Hunger
a - Apportation           Tloc           ####..       4%          1    ##.....
b - Blink                 Tloc           N/A          7%          2    ###....
l - Lesser Beckoning      Tloc           ####......   13%         3    ####...
r - Regeneration          Chrm/Necr      ####......   9%          3    ####...
s - Song of Slaying       Chrm           ####....     4%          2    ###....
w - Spectral Weapon       Hex/Chrm       ####....     11%         3    ####...
B - Summon Butterflies    Summ           #.......     61%         1    ##.....
S - Statue Form           Tmut/Erth      #####....    95%         6    #######


Dungeon Overview and Level Annotations

Branches:
Dungeon (15/15)            Temple (0/1) D:5            Lair (6/6) D:8
  Swamp (4/4) Lair:2       Spider (4/4) Lair:3        Slime (5/5) Lair:6
    Orc (2/2) D:12            Elf (3/3) Orc:2        Vaults (5/5) D:13
  Crypt (0/3) Vaults:3     Depths (5/5) D:15            Zot (0/5) Depths:5

Altars:
Ashenzari
Cheibriados
Dithmenos
Elyvilon
Fedhas
Gozag
Hepliaklqana
Kikubaaqudgha
Makhleb
Nemelex Xobeh
Sif Muna
Trog
Uskayaw
Xom
Yredelemnul
The Shining One
Beogh
Jiyva

Shops:
D:4 (   D:12 (   Orc:1 [   Orc:2 !*=   Elf:2 (   Lair:1 [(   Lair:6 =
Vaults:1 [   Depths:3 (::(   Depths:4 (

Portals:
Hell: Depths:1 Depths:2 Depths:3 Depths:4 Depths:5
Abyss: Depths:1 Depths:4
Pandemonium: Depths:2 Depths:3
Ziggurat: Depths:3

Annotations:
D:3 vatarom's ghost, amateur DrAE
Slime:5 Irenicus's ghost, veteran MfCK; Royal Jelly
Elf:2 5 runed doors


Innate Abilities, Weirdness & Mutations

You reflexively headbutt those who attack you in melee.
You have a pair of horns on your head.
You tend to lose your temper in combat.
Scrolls take you a little longer to read.
You are clumsy. (Dex -2)
Your magical capacity is low. (-10% MP)
You do not regenerate when monsters are visible.
You expend magic power (3 MP) to strengthen your wands.


Message History

The splash of acid hits you! You resist.
You are splashed with acid!
The acid burns!
You resist.
The slime creature hits you but does no damage.
The enormous slime creature hits you.
The slime creature hits you but does no damage.
The slime creature hits you but does no damage.
The large slime creature hits you!!
* * * LOW HITPOINT WARNING * * *
The great orb of eyes bites you!
* * * LOW HITPOINT WARNING * * *
The acid blob spits acid at you. The splash of acid misses you.
The splash of acid hits the great orb of eyes.
The great orb of eyes is splashed with acid.
The acid corrodes the great orb of eyes!
The slime creature hits you!
* * * LOW HITPOINT WARNING * * *
The enormous slime creature hits you!!!
You die...
Your body crumbles into a pile of gold.

## ######
##.###.#...##
#............
#............
##...........
#....JJ......
#...G@JG.....
##..JJJ......
#....G.......
#............
#..........#.
##........#..
#...#....# .
#... ...##


You could see an acid blob, a great orb of eyes, an enormous slime creature, a
large slime creature, 3 slime creatures, a shining eye and a floating eye.

Vanquished Creatures
  The ghost of bmj180 the Executioner, a legendary HOFi of Okawaru (Vaults:5)
  the Lernaean hydra (Swamp:4)
  Saint Roka (Vaults:2)
  6 golden dragons
  The ghost of Agrougrou the Severer, a veteran FoFi of Okawaru (Vaults:5)
  A lich (Depths:3)
  2 bone dragons
  4 tentacled monstrosities
  A titan (Vaults:5)
  2 quicksilver dragons
  13 acid blobs
  2 deep elf blademasters (Elf:3)
  4 sphinxes
  3 tentacled starspawn (WizLab)
  Frances (Swamp:1)
  5 shadow dragons
  3 tengu reavers
  The ghost of Irenicus the Brawler, an adept DDMo of Makhleb (Spider:3)
  3 storm dragons
  Donald (Vaults:2)
  3 thorn hunters
  6 fire giants
  3 deep elf sorcerers
  7 vault wardens
  2 azure jellies
  4 frost giants
  5 ghost moths
  A cacodemon (WizLab)
  A balrug (Depths:4)
  A caustic shrike zombie (Depths:5)
  An orc warlord (Orc:1)
  5 emperor scorpions
  15 ironheart preservers
  2 deep elf elementalists
  A war gargoyle (Depths:4)
  A reaper (Depths:4)
  5 deep elf demonologists
  23 stone giants
  9 entropy weavers
  2 vampire knights
  26 very ugly things
  A green draconian (Depths:5)
  Nessos (D:13)
  2 deep elf annihilators (Vaults:5)
  A yellow draconian (Depths:5)
  5 spark wasps
  A purple draconian (Depths:5)
  A minotaur (Lab)
  An eidolon (Vaults:3)
  A blizzard demon (Depths:4)
  6 ettins
  A merfolk impaler (Depths:3)
  5 deep elf death magi
  A green death (Depths:2)
  Josephine (D:12)
  A death ooze (Slime:4)
  3 jiangshi (Depths:4)
  6 deep elf high priests
  7 fire dragons
  20 yaktaur captains
  8 great orbs of eyes
  11 vault guards
  14 ice dragons
  6 rakshasas
  A catoblepas (Lair:6)
  24 hydras
  7 ogre magi
  The ghost of ThereIsNoGod the Grappler, a novice TrFi of Okawaru (D:11)
  13 deep troll shamans
  26 two-headed ogres
  7 spriggan air magi
  7 centaur warriors
  11 alligators
  3 vampire magi
  A queen ant (Spider:3)
  10 spriggan berserkers
  6 orc high priests (Orc:2)
  10 deep troll earth magi
  14 tengu warriors
  6 death yaks (Lair:6)
  3 sun demons (Depths:4)
  Sonja (D:13)
  4 soul eaters
  26 deep elf knights
  5 iron trolls
  A shadow wraith (Depths:5)
  16 skeletal warriors
  2 quicksilver dragon simulacra (Depths:4)
  11 hell knights
  8 flayed ghosts
  A sixfirhy (Swamp:3)
  2 unseen horrors
  3 spriggan druids (Swamp:3)
  13 glowing orange brains
  12 swamp dragons
  A golden dragon skeleton (Depths:5)
  7 wizards
  40 deep trolls
  A swamp dragon (shapeshifter) (Vaults:2)
  20 deep elf archers
  14 ironbrand convokers
  A shambling mangrove (Swamp:3)
  5 necromancers
  A lindwurm (Lair:6)
  67 deep elf magi
  21 orc knights
  2 wolf spider zombies
  8 harpies
  A frost giant zombie (Vaults:4)
  5 shining eyes
  5 oklob plants
  2 manticores
  3 orc sorcerers
  A fire giant zombie (Vaults:4)
  5 cyclopes
  An orb spider (shapeshifter) (Depths:2)
  48 ugly things
  A salamander (shapeshifter) (Vaults:1)
  12 orb spiders
  2 human skeletons (Vaults:2)
  A sphinx skeleton (Vaults:1)
  34 wolf spiders
  14 elephants
  8 rust devils (Depths:4)
  An ice statue (Depths:4)
  3 moths of wrath
  An elf zombie (Depths:5)
  8 black mambas
  16 vault sentinels
  An eye of devastation (Slime:5)
  An orange demon (Depths:2)
  A human zombie (Vaults:4)
  21 spiny frogs
  A yaktaur zombie (Vaults:4)
  4 kobold demonologists
  6 komodo dragons
  A yaktaur (shapeshifter) (Depths:2)
  79 yaktaurs
  7 rime drakes
  7 freezing wraiths
  3 efreet
  14 demonic crawlers
  3 ice devils (Depths:4)
  A troll (shapeshifter) (Depths:1)
  7 trolls
  3 meliai (D:15)
  2 red devils (Depths:4)
  7 tengu conjurers
  A guardian mummy (D:15)
  42 jumping spiders
  A meliai (shapeshifter) (Vaults:5)
  2 queen bees (shapeshifter)
  29 hornets
  4 polar bears
  Prince Ribbit (D:8)
  A tengu simulacrum (Vaults:4)
  Grinder (D:4)
  4 tyrant leeches
  A spriggan zombie (D:15)
  13 hippogriffs
  A wolf spider simulacrum (Vaults:1)
  A human simulacrum (Vaults:2)
  2 hippogriffs (shapeshifter)
  4 blink frogs (Lair:2)
  A deep troll zombie (D:15)
  16 bog bodies
  105 slime creatures
  12 dream sheep (Lair:6)
  An ettin skeleton (D:15)
  14 spriggans
  17 water elementals
  An ice dragon skeleton (D:15)
  A spriggan (shapeshifter) (Vaults:4)
  6 air elementals
  2 flying skulls (Depths:4)
  5 shadows
  A wyvern (shapeshifter) (Vaults:5)
  84 redbacks
  2 humans
  5 wyverns
  2 ynoxinuls (Depths:2)
  11 wraiths
  42 yaks
  3 hogs (D:7)
  3 basilisks
  18 golden eyes
  A fire elemental (Elf:1)
  36 tarantellas
  22 vampire mosquitoes
  2 steam dragons
  A chaos spawn (Depths:2)
  4 hungry ghosts
  12 wargs
  Menkaure (D:4)
  11 insubstantial wisps
  13 soldier ants (Spider:3)
  12 swamp worms
  17 water moccasins
  4 acid dragons
  Edmund (D:5)
  8 porcupines
  6 hell hounds
  A deep troll skeleton (Vaults:2)
  5 ice beasts
  Duvessa (D:7)
  2 hornet zombies
  5 sky beasts
  13 swamp drakes
  35 orc warriors
  3 black bears (shapeshifter)
  4 black bears
  2 phantoms
  A necrophage (D:11)
  An ettin simulacrum (Depths:4)
  18 wolves
  A boggart (Vaults:3)
  2 eyes of draining
  22 centaurs
  28 ogres
  A wolf (shapeshifter) (Vaults:4)
  16 crocodiles
  10 big kobolds
  19 bullfrogs
  An earth elemental (Elf:1)
  Dowan (D:7)
  4 scorpions
  A scorpion (shapeshifter) (Vaults:5)
  A wyvern skeleton (D:10)
  16 killer bees
  6 electric eels
  7 howler monkeys
  9 crimson imps
  2 quasits
  7 starcursed masses (WizLab)
  5 centaur zombies
  6 hounds
  43 orc priests
  14 jellies
  A bullfrog skeleton (D:4)
  4 iguanas
  A centaur skeleton (D:5)
  24 worker ants
  17 orc wizards
  A hound skeleton (D:6)
  A howler monkey zombie (D:7)
  Robin (D:2)
  7 gnolls
  A howler monkey skeleton (D:8)
  3 worker ant zombies (D:5)
  A gnoll (shapeshifter) (Vaults:5)
  9 adders
  5 shadow imps
  A white imp (Vaults:4)
  2 ufetubi (Vaults:4)
  15 oozes
  2 adder skeletons
  4 worms
  2 dart slugs
  10 leopard geckos
  131 orcs
  A bat (D:1)
  2 giant cockroaches
  17 goblins
  11 hobgoblins
  17 jackals
  45 kobolds
  5 quokkas
  3 ball pythons
  4 frilled lizards
  A jackal skeleton (D:6)
  6 rats
  5 briar patches
  A fire vortex (Depths:1)
  3 plants
  A starspawn tentacle (WizLab)
2356 creatures vanquished.

Vanquished Creatures (collateral kills)
  A titan (Vaults:5)
  A quicksilver dragon (Vaults:5)
  A sphinx (Vaults:5)
  A shadow dragon (Depths:5)
  3 tengu reavers (Vaults:5)
  A draconian monk (Depths:5)
  A frost giant (Depths:5)
  A deep elf elementalist (Elf:3)
  2 stone giants
  5 very ugly things
  A war gargoyle (Vaults:5)
  A deep elf demonologist (Elf:3)
  A white draconian (Depths:5)
  2 vampire knights (Depths:5)
  A deep elf annihilator (Elf:3)
  A red draconian (Depths:5)
  A deep elf death mage (Depths:5)
  A yaktaur captain (Depths:5)
  A quicksilver dragon zombie (Depths:5)
  A vault guard (Vaults:5)
  An ogre mage (Vaults:2)
  A deep troll shaman (Depths:5)
  An orc high priest (Vaults:2)
  A vampire mage (Depths:5)
  A titan skeleton (Depths:5)
  A deep elf knight (Elf:3)
  A skeletal warrior (Depths:5)
  3 deep trolls
  An ironbrand convoker (Vaults:5)
  An orc knight (Vaults:2)
  3 deep elf magi
  A wolf spider (Vaults:2)
  4 ugly things (Depths:5)
  A yaktaur (Vaults:5)
  A vault sentinel (Vaults:5)
  A hornet (Vaults:5)
  An orc warrior (Vaults:2)
  An ogre (Vaults:2)
  A boggart (Vaults:2)
54 creatures vanquished.

Vanquished Creatures (others)
  A tentacled monstrosity (Vaults:5)
  3 titans (Vaults:5)
  2 sphinxes (Vaults:5)
  4 tengu reavers (Vaults:5)
  A storm dragon (Depths:5)
  A fire giant (Vaults:5)
  5 deep elf sorcerers (Elf:3)
  2 frost giants
  3 deep elf elementalists
  An iron dragon (Vaults:5)
  A vault warden (Vaults:5)
  An ironheart preserver (Vaults:5)
  10 stone giants
  2 deep elf demonologists (Elf:3)
  A black draconian (Depths:5)
  6 deep elf annihilators
  6 ettins
  4 yaktaur captains
  5 deep elf high priests
  A rakshasa (Vaults:2)
  15 vault guards (Vaults:5)
  2 great orbs of eyes
  An ogre mage (Vaults:5)
  4 two-headed ogres (Vaults:5)
  A death knight (Vaults:3)
  11 dancing weapons
  2 deep troll shamans (Depths:5)
  A vampire mage (Depths:5)
  A spriggan berserker (Depths:5)
  2 deep troll earth magi (Depths:5)
  2 deep elf knights
  2 spriggans (Depths:5)
  5 hell knights (Depths:5)
  2 skeletal warriors (Depths:5)
  7 deep trolls
  7 deep elf archers
  An ironbrand convoker (Vaults:5)
  2 necromancers (Depths:5)
  3 deep elf magi (Elf:3)
  An orc knight (Vaults:5)
  A wolf spider (Vaults:5)
  A cyclops (Vaults:1)
  12 yaktaurs
  2 hornets (Depths:5)
  A redback (Spider:1)
  An air elemental (Depths:2)
  A tarantella (Spider:4)
  An acid dragon (shapeshifter) (Vaults:5)
  A swamp drake (Swamp:3)
  4 ettin simulacra (Depths:4)
  A quokka (D:12)
  4 briar patches (Swamp:3)
  A bush (Swamp:4)
  A demonic plant (WizLab)
  33 fungi
  31 plants
  2 spectral weapons (Vaults:2)
  20 starspawn tentacles (WizLab)
  8 withered plants (D:15)
258 creatures vanquished.

Grand Total: 2668 creatures vanquished

Notes
Turn   | Place    | Note
-------+----------+-------------------------------------------
     0 | D:1      | manon the Minotaur Fighter began the quest for the Orb.
     0 | D:1      | Reached XP level 1. HP: 19/19 MP: 0/0
   251 | D:1      | Reached XP level 2. HP: 27/27 MP: 1/1
   669 | D:1      | Reached skill level 4 in Fighting
   682 | D:1      | Reached XP level 3. HP: 33/33 MP: 2/2
   949 | D:2      | Noticed Robin
  1178 | D:2      | Killed Robin
  1296 | D:2      | Found a shimmering altar of Xom.
  1313 | D:2      | Found a hide-covered altar of Uskayaw.
  1316 | D:2      | Found a bloodstained altar of Trog.
  1318 | D:2      | Found a shattered altar of Ashenzari.
  1319 | D:2      | Found an ancient bone altar of Kikubaaqudgha.
  1321 | D:2      | Found an opulent altar of Gozag.
  1329 | D:2      | Became a worshipper of Gozag Ym Sagoz the Greedy
  1345 | D:2      | Reached XP level 4. HP: 31/41 MP: 3/3
  1866 | D:3      | Found a glowing golden altar of the Shining One.
  1886 | D:3      | Noticed vatarom's ghost (amateur DrAE)
  2014 | D:3      | Reached skill level 5 in Long Blades
  2036 | D:3      | Reached skill level 5 in Fighting
  2209 | D:3      | Found a glowing golden altar of the Shining One.
  2415 | D:4      | Found a snail-covered altar of Cheibriados.
  2416 | D:4      | Found a basalt altar of Yredelemnul.
  2416 | D:4      | Found a deep blue altar of Sif Muna.
  2417 | D:4      | Found a hazy altar of Hepliaklqana.
  2447 | D:4      | Reached XP level 5. HP: 40/48 MP: 4/4
  2532 | D:4      | Found a sparkling altar of Nemelex Xobeh.
  2564 | D:4      | Found Irubb's Weapon Emporium.
  2585 | D:4      | Noticed Grinder
  2615 | D:4      | Killed Grinder
  2615 | D:4      | Reached skill level 1 in Evocations
  2615 | D:4      | Reached XP level 6. HP: 32/57 MP: 4/6
  2933 | D:4      | Reached skill level 6 in Fighting
  2933 | D:4      | Reached XP level 7. HP: 57/63 MP: 7/7
  3249 | D:4      | Noticed Menkaure
  3253 | D:4      | Killed Menkaure
  3778 | D:5      | Entered Level 5 of the Dungeon
  3795 | D:5      | Noticed Edmund
  3810 | D:5      | Killed Edmund
  4088 | D:5      | Learned a level 3 spell: Regeneration
  4228 | D:5      | Reached XP level 8. HP: 71/71 MP: 9/9
  4292 | D:5      | Reached skill level 7 in Fighting
  4473 | D:5      | Found a staircase to the Ecumenical Temple.
  5574 | D:6      | Reached skill level 10 in Long Blades
  5673 | D:7      | Reached skill level 8 in Fighting
  5752 | D:7      | Reached skill level 1 in Dodging
  5752 | D:7      | Reached XP level 9. HP: 42/81 MP: 11/11
  5754 | D:7      | Reached skill level 5 in Evocations
  5795 | D:7      | Noticed Duvessa
  5799 | D:7      | Noticed Dowan
  5802 | D:7      | Killed Duvessa
  5804 | D:7      | Found a blossoming altar of Fedhas.
  5812 | D:7      | Killed Dowan
  6091 | D:7      | Found a shadowy altar of Dithmenos.
  6829 | D:8      | Reached skill level 9 in Fighting
  7075 | D:8      | Found a staircase to the Lair.
  7399 | D:8      | Reached XP level 10. HP: 82/91 MP: 13/13
  7510 | D:8      | Noticed Prince Ribbit
  7520 | D:8      | Killed Prince Ribbit
  7965 | Lair:1   | Entered Level 1 of the Lair of Beasts
  8012 | Lair:1   | Noticed a spiny frog
  8028 | Lair:1   | Killed a spiny frog
  8040 | Lair:1   | Noticed a spiny frog
  8049 | Lair:1   | Killed a spiny frog
  8049 | Lair:1   | Reached skill level 5 in Dodging
  8251 | Lair:1   | Reached skill level 10 in Fighting
  8399 | Lair:1   | Noticed a spiny frog
  8418 | Lair:1   | Killed a spiny frog
  8938 | Lair:2   | Noticed a spiny frog
  8952 | Lair:2   | Killed a spiny frog
  9084 | Lair:2   | Noticed a spiny frog
  9124 | Lair:1   | Reached XP level 11. HP: 95/101 MP: 15/15
  9865 | Lair:2   | Found a staircase to the Swamp.
 10695 | Lair:2   | Reached skill level 11 in Fighting
 10822 | Lair:2   | Noticed a four-headed hydra
 11723 | Lair:3   | Found a hole to the Spider Nest.
 12115 | Lair:3   | Noticed an oklob plant
 12348 | Lair:3   | Reached skill level 5 in Shields
 13714 | Lair:4   | Reached skill level 1 in Necromancy
 13714 | Lair:4   | Reached XP level 12. HP: 75/112 MP: 17/17
 14858 | Lair:4   | Reached skill level 5 in Necromancy
 15077 | Lair:5   | Reached skill level 12 in Fighting
 15562 | Lair:6   | Entered Level 6 of the Lair of Beasts
 15876 | Lair:5   | Noticed an eight-headed hydra
 15997 | Lair:4   | Reached skill level 1 in Charms
 16275 | Lair:6   | Noticed a six-headed hydra
 16288 | Lair:6   | Killed a 13-headed hydra
 16932 | Lair:6   | Noticed a five-headed hydra
 17065 | Lair:6   | Reached XP level 13. HP: 109/119 MP: 18/18
 17601 | Lair:6   | Reached skill level 13 in Fighting
 18384 | Lair:6   | Bought the amulet of Fuyme {Spirit rElec Str+4 Stlth+} for 662 gold pieces
 18384 | Lair:6   | Bought an uncursed ring of resist corrosion for 240 gold pieces
 19049 | Lair:6   | Got a warped long sword
 19052 | Lair:6   | Identified the +2 long sword "Paageg" {venom, rElec rC+} (You found it on level 6 of the Lair of Beasts)
 19448 | Lair:6   | Found a staircase to the Slime Pits.
 19916 | D:9      | Found a hazy altar of Hepliaklqana.
 20044 | D:9      | Paralysed by a hornet for 3 turns
 20736 | D:10     | Entered Level 10 of the Dungeon
 20968 | D:10     | You fall through a shaft for 2 floors!
 20998 | D:11     | Noticed ThereIsNoGod's ghost (novice TrFi)
 21018 | D:11     | Killed ThereIsNoGod's ghost
 21416 | D:11     | Reached skill level 14 in Fighting
 22526 | D:12     | Reached skill level 10 in Dodging
 22568 | D:12     | Reached skill level 5 in Charms
 22568 | D:12     | Reached XP level 14. HP: 133/133 MP: 19/19
 22636 | D:12     | Noticed Josephine
 22659 | D:12     | Killed Josephine
 22739 | D:12     | Learned a level 2 spell: Song of Slaying
 22743 | D:12     | Learned a level 3 spell: Spectral Weapon
 23151 | D:12     | Found a staircase to the Orcish Mines.
 23853 | Orc:1    | Entered Level 1 of the Orcish Mines
 23982 | Orc:2    | Entered Level 2 of the Orcish Mines
 24040 | Orc:2    | Found a staircase to the Elven Halls.
 24285 | Orc:2    | Paralysed by an orc sorcerer for 5 turns
 24291 | Orc:2    | Paralysed by an orc sorcerer for 6 turns
 25077 | Orc:2    | Found Impivuaz's Food Emporium.
 25077 | Orc:2    | Found Oquon's Distillery.
 25108 | Orc:2    | Bought a potion of degeneration for 12 gold pieces
 25108 | Orc:2    | Bought a potion of haste for 120 gold pieces
 25108 | Orc:2    | Bought a potion of haste for 120 gold pieces
 25108 | Orc:2    | Bought a potion of might for 48 gold pieces
 25161 | Orc:2    | Reached skill level 15 in Fighting
 25262 | Orc:2    | Found a roughly hewn altar of Beogh.
 25305 | Orc:2    | Found Pifiown's Jewellery Shop.
 25305 | Orc:2    | Found Ackayvo's Assorted Antiques.
 25312 | Orc:2    | Bought a scroll of magic mapping for 94 gold pieces
 25312 | Orc:2    | Bought a potion of heal wounds for 135 gold pieces
 25348 | Orc:2    | Bought a cursed -3 ring of strength for 20 gold pieces
 25348 | Orc:2    | Bought a cursed ring of loudness for 45 gold pieces
 25348 | Orc:2    | Bought a cursed ring of teleportation for 45 gold pieces
 25348 | Orc:2    | Bought an uncursed amulet of regeneration for 300 gold pieces
 25745 | Orc:2    | Bought a bread ration for 65 gold pieces
 25745 | Orc:2    | Bought a bread ration for 65 gold pieces
 25745 | Orc:2    | Bought a bread ration for 65 gold pieces
 25745 | Orc:2    | Bought a bread ration for 65 gold pieces
 25754 | Orc:2    | Bought a potion of curing for 36 gold pieces
 25754 | Orc:2    | Bought a potion of curing for 36 gold pieces
 25754 | Orc:2    | Bought a potion of curing for 36 gold pieces
 25754 | Orc:2    | Bought a potion of curing for 36 gold pieces
 25986 | Orc:1    | Noticed an orc warlord
 25995 | Orc:1    | Killed an orc warlord
 26041 | Orc:1    | Found Fiuforib's Antique Armour Boutique.
 26060 | Orc:1    | Bought a pair of embroidered boots for 150 gold pieces
 26113 | Orc:1    | Found a roughly hewn altar of Beogh.
 26533 | D:13     | Noticed Sonja
 26542 | D:13     | Killed Sonja
 26548 | D:13     | Found a gate to the Vaults.
 26639 | D:13     | Found a labyrinth entrance.
 26654 | Lab      | Entered a labyrinth
 27236 | D:13     | Learned a level 1 spell: Apportation
 27241 | D:13     | Learned a level 3 spell: Lesser Beckoning
 27338 | D:13     | Paralysed by a hornet for 2 turns
 27642 | D:13     | Noticed Nessos
 27667 | D:13     | Killed Nessos
 27667 | D:13     | HP: 4/135 [orc priest/divine providence (13)]
 28074 | D:13     | Found a bloodstained altar of Trog.
 28232 | D:13     | Reached skill level 1 in Hexes
 29009 | D:14     | Found a white marble altar of Elyvilon.
 29323 | D:15     | Entered Level 15 of the Dungeon
 29367 | D:15     | Reached XP level 15. HP: 123/143 MP: 20/20
 29615 | D:15     | Reached skill level 16 in Fighting
 29829 | D:15     | Reached skill level 10 in Shields
 30032 | D:15     | Reached skill level 1 in Translocations
 30678 | D:15     | Found a staircase to the Depths.
 31052 | Lair:1   | Bought the +3 crown of Dyrovepreva {rElec Int+2 SInv} for 869 gold pieces
 31059 | Lair:1   | Bought a glowing chain mail for 157 gold pieces
 31304 | Swamp:1  | Entered Level 1 of the Swamp
 31357 | Swamp:1  | Noticed Frances
 31368 | Swamp:1  | Killed Frances
 32210 | Swamp:2  | Reached skill level 17 in Fighting
 32508 | Swamp:2  | Noticed a thorn hunter
 32523 | Swamp:2  | Killed a thorn hunter
 32581 | Swamp:2  | Noticed a thorn hunter
 32614 | Swamp:2  | Killed a thorn hunter
 33295 | Swamp:3  | Found a transporter.
 33313 | Swamp:3  | Reached XP level 16. HP: 140/155 MP: 21/21
 33489 | Swamp:3  | Noticed a thorn hunter
 33771 | Swamp:3  | Found a transporter.
 34056 | Swamp:3  | Killed a thorn hunter
 34714 | Swamp:3  | Identified a ring "Vakhe" {*Tele Dex+3} (You found it on level 3 of the Swamp)
 34721 | Swamp:3  | Identified Coomaff's Reference Book on Calling and Evil
 34738 | Swamp:3  | Got a sparkling brass ring
 34739 | Swamp:3  | Identified the ring "Seavyusk" {rCorr -Tele +Fly rC++ SInv} (You found it on level 3 of the Swamp)
 34847 | Swamp:4  | Entered Level 4 of the Swamp
 34949 | Swamp:4  | Reached skill level 18 in Fighting
 35473 | Swamp:4  | Noticed the 27-headed Lernaean hydra
 35477 | Swamp:4  | Killed the 27-headed Lernaean hydra
 35491 | Swamp:4  | Got a decaying rune of Zot
 36426 | Spider:1 | Entered Level 1 of the Spider Nest
 36930 | Spider:1 | Reached XP level 17. HP: 112/166 MP: 22/22
 36943 | Spider:1 | Reached skill level 5 in Hexes
 39107 | Spider:3 | Reached skill level 15 in Shields
 39721 | Spider:3 | Noticed Irenicus's ghost (adept DDMo)
 39828 | Spider:3 | Killed Irenicus's ghost
 40037 | Spider:3 | Reached skill level 19 in Fighting
 40184 | Spider:4 | Entered Level 4 of the Spider Nest
 41089 | Spider:4 | Reached XP level 18. HP: 162/176 MP: 5/23
 41546 | Spider:4 | Got a gossamer rune of Zot
 42153 | Lair:1   | Bought a runed ring mail for 147 gold pieces
 42153 | Lair:1   | Bought a glowing scale mail for 147 gold pieces
 42328 | Orc:2    | Bought a meat ration for 65 gold pieces
 42328 | Orc:2    | Bought a meat ration for 65 gold pieces
 42328 | Orc:2    | Bought a royal jelly for 26 gold pieces
 42328 | Orc:2    | Bought 4 fruits for 78 gold pieces
 42328 | Orc:2    | Bought a royal jelly for 26 gold pieces
 42328 | Orc:2    | Bought a royal jelly for 26 gold pieces
 42328 | Orc:2    | Bought a meat ration for 65 gold pieces
 42328 | Orc:2    | Bought 2 fruits for 39 gold pieces
 42328 | Orc:2    | Bought a meat ration for 65 gold pieces
 42376 | D:12     | Bought a runed long sword for 175 gold pieces
 42376 | D:12     | Bought a twisted arbalest for 256 gold pieces
 42392 | D:12     | Identified the +6 arbalest "Toll" {elec, MP+9 Str+3 Stlth+} (You bought it in a shop on level 12 of the Dungeon)
 42443 | Vaults:1 | Entered Level 1 of the Vaults
 42471 | Vaults:1 | Noticed a tentacled monstrosity
 42474 | Vaults:1 | Noticed a tentacled monstrosity
 42481 | Vaults:1 | Killed a tentacled monstrosity
 42481 | Vaults:1 | Reached skill level 15 in Long Blades
 42486 | Vaults:1 | Killed a tentacled monstrosity
 42506 | Vaults:1 | Paralysed by a great orb of eyes for 5 turns
 43659 | Vaults:1 | Found Zoturizuav's Antique Armour Shoppe.
 43663 | Vaults:1 | Bought an embroidered scarf for 224 gold pieces
 43670 | Vaults:1 | Bought a steaming chain mail for 266 gold pieces
 43682 | Vaults:1 | Identified the +7 chain mail of Xovvig {rN+ Dex+4 Stlth+} (You bought it in a shop on level 1 of the Vaults)
 43682 | Vaults:1 | Bought a glowing cloak for 210 gold pieces
 43701 | Vaults:1 | Bought a shiny buckler for 210 gold pieces
 44569 | Vaults:2 | Reached skill level 20 in Fighting
 44599 | Vaults:2 | HP: 5/178 [fire dragon/blast of flame (23)]
 45146 | Vaults:2 | Reached XP level 19. HP: 167/185 MP: 24/24
 45165 | Vaults:2 | Got a pair of pitted gloves
 45176 | Vaults:2 | Identified the -1 pair of gloves of Grottiness {+Blink rPois MR+} (You found it on level 2 of the Vaults)
 45325 | Vaults:2 | Reached skill level 15 in Dodging
 45660 | Vaults:2 | Noticed Donald
 45697 | Vaults:2 | Killed Donald
 46051 | Vaults:2 | Paralysed by a great orb of eyes for 5 turns
 46753 | Vaults:2 | Noticed Saint Roka
 46776 | Vaults:2 | Killed Saint Roka
 47760 | Vaults:3 | Reached skill level 21 in Fighting
 47859 | Vaults:3 | Reached XP level 20. HP: 198/198 MP: 25/25
 48081 | Vaults:3 | Found a staircase to the Crypt.
 49105 | Vaults:4 | Cast into level 2 of the Abyss (a deep elf sorcerer)
 49105 | Abyss:2  | Found a corrupted altar of Lugonu.
 49136 | Vaults:4 | Escaped the Abyss
 51172 | D:14     | Identified a scroll of acquirement
 51225 | Depths:1 | Entered Level 1 of the Depths
 51235 | Depths:1 | Found a one-way gate to the infinite horrors of the Abyss.
 51249 | Depths:1 | Found a magical portal.
 51273 | WizLab   | Entered Lehudib's Moon Base
 51599 | WizLab   | Paralysed by accursed screaming for 1 turns
 52209 | WizLab   | Paralysed by a great orb of eyes for 6 turns
 52244 | WizLab   | Paralysed by a great orb of eyes for 6 turns
 52259 | WizLab   | Paralysed by a great orb of eyes for 4 turns
 52827 | Depths:1 | Learned a level 6 spell: Statue Form
 52843 | Depths:1 | Found a gateway to Hell.
 53157 | Depths:2 | Reached XP level 21. HP: 205/205 MP: 24/26
 54089 | Depths:2 | Found a one-way gate leading to the halls of Pandemonium.
 54662 | Depths:3 | Bought a scroll of enchant weapon for 105 gold pieces
 54662 | Depths:3 | Bought 2 scrolls of identify for 56 gold pieces
 54662 | Depths:3 | Bought a scroll of identify for 28 gold pieces
 54662 | Depths:3 | Bought a scroll of brand weapon for 280 gold pieces
 54662 | Depths:3 | Bought a scroll of identify for 28 gold pieces
 54662 | Depths:3 | Bought a scroll of teleportation for 42 gold pieces
 54662 | Depths:3 | Bought a scroll of enchant weapon for 105 gold pieces
 54662 | Depths:3 | Bought a scroll of identify for 28 gold pieces
 54662 | Depths:3 | Bought a scroll of blinking for 105 gold pieces
 54662 | Depths:3 | Bought a scroll of teleportation for 42 gold pieces
 54662 | Depths:3 | Bought a scroll of teleportation for 42 gold pieces
 54859 | Depths:3 | Found Cuaprauti's Book Boutique.
 54862 | Depths:3 | Found Otepsuj's Weapon Boutique.
 54863 | Depths:3 | Found Hibo's Antique Weapon Boutique.
 54867 | Depths:3 | Found Toecs's Book Boutique.
 54910 | Depths:3 | Reached skill level 22 in Fighting
 54949 | Depths:3 | Bought a book of Minor Magic for 360 gold pieces
 54952 | Depths:3 | Learned a level 2 spell: Blink
 54995 | Depths:3 | Found a gateway to a ziggurat.
 55262 | Depths:3 | Reached skill level 5 in Translocations
 55502 | Depths:3 | Paralysed by a great orb of eyes for 6 turns
 55743 | Depths:3 | Found a glowing golden altar of the Shining One.
 56160 | Depths:4 | Reached XP level 22. HP: 186/215 MP: 27/27
 56220 | Depths:4 | Found a hazy altar of Hepliaklqana.
 56437 | Depths:4 | Noticed a golden dragon
 56449 | Depths:4 | Killed a golden dragon
 56918 | Depths:4 | Found a deep blue altar of Sif Muna.
 58273 | Depths:4 | Found a burning altar of Makhleb.
 58679 | Depths:4 | Found a sparkling altar of Nemelex Xobeh.
 59088 | Depths:4 | Reached skill level 1 in Transmutations
 59088 | Depths:4 | Reached skill level 1 in Earth Magic
 59241 | Depths:4 | Got a distressingly furry cloak
 59242 | Depths:4 | Identified the +0 cloak "Noawk" {MR+ Regen+} (You found it on level 4 of the Depths)
 59528 | Depths:5 | Entered Level 5 of the Depths
 59577 | Depths:5 | Reached XP level 23. HP: 220/225 MP: 28/28
 59591 | Depths:5 | Found a gate to the Realm of Zot.
 60144 | Depths:5 | Noticed an ancient lich
 60201 | Depths:5 | Identified the Incunabulum of Necromancy
 60588 | Depths:5 | Reached skill level 5 in Transmutations
 60800 | Depths:5 | Reached skill level 5 in Earth Magic
 61301 | Slime:1  | Entered Level 1 of the Pits of Slime
 64318 | Slime:4  | Gained mutation: Your magical capacity is low. (-10% MP) [a shining eye]
 64380 | Slime:5  | Entered Level 5 of the Pits of Slime
 64423 | Slime:5  | Noticed Irenicus's ghost (veteran MfCK)
 64425 | Slime:5  | Noticed the Royal Jelly
 64488 | Slime:4  | Found a viscous altar of Jiyva.
 64827 | Slime:5  | Gained mutation: You are clumsy. (Dex -2) [a shining eye]
 64898 | Slime:4  | Gained mutation: Scrolls take you a little longer to read. [a shining eye]
 64902 | Slime:4  | Gained mutation: You expend magic power (3 MP) to strengthen your wands. [a shining eye]
 65677 | Vaults:5 | Entered Level 5 of the Vaults
 65717 | Vaults:5 | Noticed Agrougrou's ghost (veteran FoFi)
 66130 | Vaults:5 | Reached XP level 24. HP: 233/233 MP: 25/25
 66230 | Vaults:5 | Noticed bmj180's ghost (legendary HOFi)
 66293 | Vaults:5 | Killed bmj180's ghost
 66403 | Vaults:5 | Identified a ring "Ydghuoli" {*Tele rF- Int+8 Slay+6 Stlth-} (You took it off a yaktaur on level 5 of the Vaults)
 66625 | Vaults:5 | Reached skill level 5 in Armour
 66633 | Vaults:5 | Got a silver rune of Zot
 66837 | Vaults:5 | Identified the +12 broad axe of Overwhelming Force {flame, rC- Int+5} (You found it on level 5 of the Vaults)
 66931 | Vaults:5 | Identified the Disquisition on Blistering Toxins
 67093 | Vaults:5 | Killed Agrougrou's ghost
 67472 | Vaults:5 | Got a steaming falchion {slice}
 67473 | Vaults:5 | Identified the cursed +1 falchion "Venurunt" {slice, rC+ Dex-3 Stlth+} (You found it on level 5 of the Vaults)
 68122 | Elf:1    | Entered Level 1 of the Elven Halls
 68134 | Elf:1    | Reached skill level 10 in Armour
 68338 | Elf:1    | Identified Sif Muna's Catalogue of Summoning
 68341 | Elf:1    | Learned a level 1 spell: Summon Butterflies
 69117 | Elf:2    | Found a huge runed gate.
 69117 | Elf:2    | Found a huge runed gate.
 69118 | Elf:2    | Found a huge runed gate.
 69119 | Elf:2    | Found a huge runed gate.
 69126 | Elf:2    | Found a huge runed gate.
 69348 | Elf:2    | Found Qeuphis's Antique Weapon Shop.
 69556 | Elf:3    | Entered Level 3 of the Elven Halls
 70340 | Elf:3    | Reached skill level 15 in Armour
 70650 | Elf:3    | Got a wavering glass ring
 70653 | Elf:3    | Identified the ring "Pojuimy" {Fire MR- MP+9 Dex+2} (You found it on level 3 of the Elven Halls)
 70685 | Elf:3    | Identified Fexkamir's Almanac of the Ensnaring Volcanoes
 70692 | Elf:3    | Got a transparent cloak
 70695 | Elf:3    | Identified the +1 cloak of Context {Dex+4 Stlth+} (You found it on level 3 of the Elven Halls)
 71030 | Elf:3    | Identified the +4 shield of a ziggurat {rElec rPois rF+} (You took it off a deep elf demonologist on level 3 of the Elven Halls)
 72131 | Slime:5  | Gained mutation: You do not regenerate when monsters are visible. [a shining eye]
 72137 | Slime:5  | Reached XP level 25. HP: 240/240 MP: 25/25
 72208 | Slime:5  | Gained mutation: You tend to lose your temper in combat. [a shining eye]
 72225 | Slime:4  | Paralysed by a floating eye for 4 turns
 72229 | Slime:4  | Annihilated by an enormous slime creature

Skill      XL: |  1  2  3  4  5  6  7  8  9 10 11 12 13 14 15 16 17 18 19 20 21 22 23 24 |
---------------+-------------------------------------------------------------------------+-----
Long Blades    | 3 4 5 6 7 8 10 11 13 14 16 17 18 19 | 19.6
Fighting       | 4 5 6 8 9 10 11 12 14 15 17 18 19 20 21 22 | 22.7
Evocations     | 1 2 3 4 5 7 8 |  8.0
Dodging        | 1 4 5 8 10 11 12 13 14 15 16 17 18 | 18.1
Shields        | 5 6 8 9 11 12 16 17 18 19 20 | 20.8
Necromancy     | 1 5 6 7 8 |  8.3
Charms         | 2 5 6 7 |  7.7
Hexes          | 1 3 4 5 6 7 |  7.2
Translocations | 3 4 5 7 |  7.0
Transmutations | 2 8 9 |  9.3
Earth Magic    | 2 8 9 |  9.3
Armour         | 15 | 15.7

Action                   |  1- 3 |  4- 6 |  7- 9 | 10-12 | 13-15 | 16-18 | 19-21 | 22-24 | 25-27 || total
-------------------------+-------+-------+-------+-------+-------+-------+-------+-------+-------++-------
Melee: Long sword        |    93 |   133 |   351 |   746 |  1180 |   609 |  1878 |    83 |       ||  5073
       Headbutt          |    13 |    24 |    68 |   163 |   433 |   607 |   806 |   867 |     6 ||  2987
       Scimitar          |       |       |       |       |   494 |  1765 |   262 |  2328 |       ||  4849
       Great sword       |       |       |       |       |       |       |    53 |       |       ||    53
       Demon blade       |       |       |       |       |       |       |     3 |       |       ||     3
       Rapier            |       |       |       |       |       |       |       |    24 |    75 ||    99
 Fire: Blowgun           |       |       |       |     4 |       |       |       |       |       ||     4
       Fustibalus        |       |       |       |   107 |   410 |   103 |    24 |    86 |       ||   730
Throw: Tomahawk          |       |     1 |     3 |     6 |       |       |       |       |       ||    10
       Stone             |       |       |       |     6 |       |       |       |       |       ||     6
       Throwing net      |       |       |       |       |     1 |       |       |       |       ||     1
 Cast: Regeneration      |       |       |       |       |     5 |       |     6 |    20 |       ||    31
       Song of Slaying   |       |       |       |       |     1 |       |     6 |     4 |       ||    11
       Apportation       |       |       |       |       |     1 |     1 |     2 |       |       ||     4
       Spectral Weapon   |       |       |       |       |       |       |     2 |       |       ||     2
Invok: Potion Petition   |       |       |     1 |     1 |       |       |       |       |       ||     2
       Call Merchant     |       |       |       |     1 |     2 |     1 |     1 |     1 |       ||     6
       Bribe Branch      |       |       |       |       |       |       |       |     4 |       ||     4
Evoke: Wand              |       |       |     5 |    22 |    25 |    11 |    11 |    12 |       ||    86
       Phantom mirror    |       |       |       |       |       |     1 |       |       |       ||     1
       Lamp of fire      |       |       |       |       |       |       |     2 |     1 |       ||     3
  Use: Scroll            |       |     4 |     9 |    12 |    23 |    11 |    16 |    18 |       ||    93
       Potion            |       |     1 |     3 |     7 |    14 |    10 |     7 |    14 |       ||    56
 Stab: Distracted        |       |       |     1 |     3 |     7 |    15 |    20 |    16 |       ||    62
       Invisible         |       |       |     3 |       |       |       |       |       |       ||     3
       Confused          |       |       |     1 |     8 |     3 |     1 |     2 |     2 |       ||    17
       Paralysed         |       |       |       |    18 |    15 |     4 |       |     4 |       ||    41
       Held in net/web   |       |       |       |       |       |     4 |       |       |       ||     4
  Eat: Fruit             |     1 |     1 |     3 |    13 |       |    16 |     5 |     7 |       ||    46
       Royal jelly       |       |     2 |     2 |     5 |     3 |     3 |     5 |     6 |       ||    26
       Bread ration      |       |     1 |     1 |       |     8 |     5 |       |       |       ||    15
       Meat ration       |       |       |       |     2 |     3 |       |     5 |    10 |       ||    20
Armor: Scale mail        |    40 |    58 |    42 |       |       |       |       |       |       ||   140
       Chain mail        |       |       |   118 |   252 |   675 |  1046 |   456 |   568 |    30 ||  3145
Dodge: Dodged            |    35 |    30 |    76 |   223 |   577 |   935 |   783 |   790 |    10 ||  3459
Block: Shield            |    42 |    62 |   154 |    55 |    62 |   707 |  1471 |  1746 |    45 ||  4344
       Buckler           |       |       |       |   147 |   402 |   127 |       |       |       ||   676
       Large shield      |       |       |       |       |       |   897 |   179 |       |       ||  1076
       Reflection        |       |       |       |       |       |       |    88 |   118 |     1 ||   207
       Rpst.: Long sword |    16 |     9 |    23 |    57 |    81 |    50 |   106 |     4 |       ||   346
       Scimitar          |       |       |       |       |    35 |   119 |     9 |   125 |       ||   288
       Great sword       |       |       |       |       |       |       |    11 |       |       ||    11
